[Event "Titled Tuesday Blitz May 30 Early 2023"]
[White "Sai Han Thiha"]
[Black "MANOJ_MISHRA123"]
[WhiteFideId "13012290"]
[WhiteElo "1954"]
[BlackElo "2274"]
[Result "1-0"]
[Round "09"]
[TimeControl "180+2"]
[Date "2023.05.30"]
[WhiteClock "0:01:59"]
[BlackClock "0:01:27"]

1. d4 Nf6 2. Nf3 g6 3. c4 Bg7 4. Nc3 O-O 5. e4 d6 6. Be2 e5 7. Be3 Nc6 8. d5 Ne7 9. Nd2 h5 10. h3 Nd7 11. g4 f5 12. gxf5 gxf5 13. Bg5 Nf6 14. Rg1 fxe4 15. Ndxe4 Nxe4 16. Nxe4 Bf5 17. Nf6+ Kh8 18. Nxh5 Rf7 19. Nxg7 Rxg7 20. Bf6 Bg6 21. Rxg6 1-0


[Site "https://www.chess.com"]

[Event "Titled Tuesday Blitz May 30 Early 2023"]
[White "Ryan, Joseph"]
[Black "Samaganova, Aleksandra"]
[WhiteFideId "2500426"]
[BlackFideId "13800221"]
[WhiteElo "2419"]
[BlackElo "1858"]
[Result "0-1"]
[Round "09"]
[TimeControl "180+2"]
[Date "2023.05.30"]
[WhiteClock "0:00:14"]
[BlackClock "0:00:08"]

1. e4 c5 2. a3 e6 3. Nc3 a6 4. Bc4 b5 5. Ba2 Bb7 6. d3 Qc7 7. Nf3 Nf6 8. O-O Nc6 9. d4 cxd4 10. Nxd4 Be7 11. Re1 d6 12. Nxc6 Bxc6 13. Bf4 O-O 14. Qd2 Rfd8 15. Rad1 Qb7 16. Qe3 Rac8 17. f3 a5 18. Kh1 b4 19. axb4 axb4 20. Ne2 d5 21. e5 Nd7 22. Nd4 Bc5 23. c3 Ra8 24. Bb1 Bxd4 25. cxd4 Nf8 26. Bg3 Ba4 27. b3 Bb5 28. Rc1 Rdc8 29. Rc5 Ra3 30. Rec1 Rxc5 31. dxc5 Bc4 32. Bc2 Qa7 33. Qg5 Bxb3 34. Bxb3 Rxb3 35. c6 Rc3 36. h4 Qc5 37. Rxc3 bxc3 38. Qd8 c2 39. Bf4 c1=Q+ 40. Bxc1 Qxc1+ 41. Kh2 Qxc6 42. h5 Qc4 43. Kg3 h6 44. Qe7 Qc3 45. Qd6 Qe1+ 46. Kg4 Qf2 47. g3 Qd4+ 48. f4 Qd1+ 49. Kh4 Qh1+ 50. Kg4 Qe4 51. Qd8 Qf5+ 52. Kh4 Qe4 53. Kg4 d4 54. Kh4 d3 55. Kg4 Qe2+ 56. Kh4 d2 0-1


[Site "https://www.chess.com"]

[Event "Titled Tuesday Blitz May 30 Early 2023"]
[White "Maluco_do_Natal_00"]
[Black "Szyszylo, Rafal"]
[BlackFideId "1109626"]
[WhiteElo "2058"]
[BlackElo "1951"]
[Result "0-1"]
[Round "09"]
[TimeControl "180+2"]
[Date "2023.05.30"]
[WhiteClock "0:00:00"]
[BlackClock "0:00:05"]

1. e4 d6 2. d4 Nf6 3. Bd3 g6 4. Nf3 Bg7 5. c4 O-O 6. Nc3 h6 7. h3 Nbd7 8. O-O e5 9. Be3 exd4 10. Bxd4 Re8 11. Re1 Ne5 12. Be2 c6 13. Rc1 Nfd7 14. Be3 Qc7 15. Qd2 h5 16. b4 Nxf3+ 17. Bxf3 Nf8 18. Bh6 Be6 19. Bxg7 Kxg7 20. Rcd1 Red8 21. a4 Kg8 22. Qg5 Bxc4 23. Bxh5 Ne6 24. Qg3 d5 25. Qxc7 Nxc7 26. exd5 gxh5 27. d6 Nd5 28. Ne4 Bb3 29. Rd3 Bxa4 30. Rg3+ Kf8 31. Rg5 Bc2 32. Nc5 Bg6 33. Nxb7 Rd7 34. Na5 Rxd6 35. g4 hxg4 36. hxg4 Nxb4 37. Re3 Re8 38. Rc3 Rd5 39. Rxd5 cxd5 40. Rc7 a6 41. Nb7 Be4 42. Nd6 Re7 43. Rc8+ Kg7 44. Rb8 Nd3 45. g5 Rd7 46. Ne8+ Kg6 47. Nf6 Rd6 48. Rg8+ Kf5 49. Ne8 Rg6 50. Rf8 Rxg5+ 51. Kf1 Rg7 52. Nd6+ Ke6 53. Nb7 Ne5 54. Re8+ Kf5 55. Nc5 Kf4 56. Ke2 f5 57. Ra8 Rg6 58. Nxa6 Nf3 0-1


[Site "https://www.chess.com"]

[Event "Titled Tuesday Blitz May 30 Early 2023"]
[White "February, Jesse Nikki"]
[Black "Fiedorek, Michal"]
[WhiteFideId "14312336"]
[BlackFideId "1199528"]
[WhiteElo "1824"]
[BlackElo "2135"]
[Result "0-1"]
[Round "09"]
[TimeControl "180+2"]
[Date "2023.05.30"]
[WhiteClock "0:01:48"]
[BlackClock "0:02:23"]

1. e4 c5 2. Nf3 d6 3. d4 cxd4 4. Nxd4 Nf6 5. Nc3 Bd7 6. g3 g6 7. Bg2 Nc6 8. Nde2 Bg7 9. O-O O-O 10. h3 Rc8 11. Be3 Be6 12. a4 Ne5 13. b3 a6 14. f4 Nc6 15. Nd5 Nd7 16. Ra2 Bxd5 17. exd5 Nb4 18. Ra1 Nxc2 19. Qd3 Nxa1 20. Bd4 Nc2 21. Bxg7 Kxg7 22. Rc1 Qb6+ 23. Kh2 Qe3 24. Qd1 Nb4 0-1


[Site "https://www.chess.com"]

[Event "Titled Tuesday Blitz May 30 Early 2023"]
[White "Jegorovas, Aleksandras"]
[Black "KVAIDAN"]
[WhiteFideId "12801950"]
[WhiteElo "2247"]
[BlackElo "2309"]
[Result "1-0"]
[Round "09"]
[TimeControl "180+2"]
[Date "2023.05.30"]
[WhiteClock "0:01:19"]
[BlackClock "0:02:25"]

1. Nf3 f5 2. d4 e6 3. g3 Nf6 4. Bg2 Be7 5. O-O O-O 6. c4 d6 7. Nc3 a5 8. Qc2 Nc6 9. a3 e5 10. d5 Nb8 11. Rb1 Na6 12. b4 axb4 13. axb4 Qe8 14. Ng5 Qh5 15. Ne6 Bxe6 16. dxe6 c6 17. b5 Nc5 18. bxc6 bxc6 19. Bxc6 Rac8 20. Bd5 Ng4 21. h4 Kh8 22. Kg2 f4 23. f3 fxg3 24. fxg4 Qxh4 25. Rh1 Rf2+ 26. Kg1 Qxg4 27. Qxh7# 1-0


[Site "https://www.chess.com"]

[Event "Titled Tuesday Blitz May 30 Early 2023"]
[White "Herman, Daniel"]
[Black "Mikhaylova, Irina"]
[WhiteFideId "30935008"]
[BlackFideId "4109040"]
[WhiteElo "1897"]
[BlackElo "1975"]
[Result "1-0"]
[Round "09"]
[TimeControl "180+2"]
[Date "2023.05.30"]
[WhiteClock "0:00:12"]
[BlackClock "0:00:17"]

1. Nf3 Nf6 2. c4 g6 3. Nc3 d5 4. cxd5 Nxd5 5. Qb3 Nxc3 6. bxc3 Bg7 7. g3 O-O 8. Bg2 c6 9. O-O Qb6 10. d4 Be6 11. Qa3 Re8 12. Be3 Qa6 13. Qxa6 Nxa6 14. Rfb1 Bc8 15. Bf4 f6 16. e4 e5 17. Be3 Nc7 18. Nd2 b6 19. f4 Be6 20. a4 Rab8 21. Rb2 Rbd8 22. Nf3 Bg4 23. h3 Bxf3 24. Bxf3 f5 25. fxe5 fxe4 26. Bxe4 Nd5 27. Bd2 Ne7 28. Bg5 Kf7 29. Rf1+ Ke6 30. Bb1 Rd7 31. Bxe7 Kxe7 32. Ba2 Kd8 33. Rbf2 c5 34. Rf7 cxd4 35. Rxd7+ Kxd7 36. cxd4 Bxe5 37. dxe5 Rxe5 38. Rf4 Re2 39. Bc4 g5 40. Bxe2 gxf4 41. gxf4 Ke6 42. Kf2 Kf5 43. Ke3 Kf6 44. Bd3 h6 45. Ke4 Ke6 46. Bc4+ Kd6 47. f5 Kc5 48. f6 Kd6 49. Kf5 b5 50. axb5 1-0


[Site "https://www.chess.com"]

[Event "Titled Tuesday Blitz May 30 Early 2023"]
[White "mohsengabr2002"]
[Black "Manukian, Artak"]
[BlackFideId "13301373"]
[WhiteElo "2260"]
[BlackElo "2130"]
[Result "0-1"]
[Round "09"]
[TimeControl "180+2"]
[Date "2023.05.30"]
[WhiteClock "0:00:11"]
[BlackClock "0:00:18"]

1. e4 c6 2. d3 d5 3. Nd2 Nf6 4. g3 Bg4 5. f3 Bd7 6. Nh3 e5 7. Nf2 Bc5 8. Bg2 Qb6 9. O-O O-O 10. c3 dxe4 11. dxe4 Be6 12. b4 Be7 13. a4 a5 14. bxa5 Rxa5 15. Qe2 Nbd7 16. Nc4 Bxc4 17. Qxc4 Qc5 18. Qb3 Qb6 19. Qc2 Rfa8 20. Rb1 Qc7 21. Be3 Bc5 22. Bxc5 Nxc5 23. Nd3 Nxd3 24. Qxd3 Rxa4 25. Rb2 Ra1 26. Bh3 Rxf1+ 27. Kxf1 g6 28. Qc4 Rb8 29. Qc5 b6 30. Qa3 c5 31. Rd2 Rd8 32. Ra2 Rd1+ 33. Kg2 Qd6 34. Rf2 Rd2 35. Qb3 Rxf2+ 36. Kxf2 Qd2+ 37. Kf1 Kg7 38. Kg1 Qe3+ 39. Kg2 Qe2+ 40. Kg1 Qxf3 41. Qxb6 Qxc3 42. Qd6 Qd4+ 43. Qxd4 cxd4 44. Bg2 Nd7 45. Kf2 Nc5 46. Ke2 Kf6 47. Kd2 Ke7 48. Kc2 Kd6 49. Kd2 f5 50. exf5 gxf5 51. Ke2 e4 52. g4 fxg4 53. Kf2 Ke5 54. Kg3 d3 55. Kxg4 d2 0-1


[Site "https://www.chess.com"]

[Event "Titled Tuesday Blitz May 30 Early 2023"]
[White "agvania123"]
[Black "Matveeva, Olga"]
[BlackFideId "24107018"]
[WhiteElo "2254"]
[BlackElo "2009"]
[Result "0-1"]
[Round "09"]
[TimeControl "180+2"]
[Date "2023.05.30"]
[WhiteClock "0:00:06"]
[BlackClock "0:00:14"]

1. Nf3 Nf6 2. c4 g6 3. Nc3 Bg7 4. e4 d6 5. d3 c5 6. g3 Nc6 7. Bg2 O-O 8. O-O e5 9. Rb1 a5 10. Nd5 Nxd5 11. cxd5 Nd4 12. Nxd4 exd4 13. a3 f5 14. f4 Qb6 15. Kh1 Bd7 16. Bd2 fxe4 17. Bxe4 Rae8 18. b4 axb4 19. axb4 c4 20. Re1 c3 21. Bc1 Bf5 22. b5 Qc5 23. Qc2 Re7 24. Rb3 Rfe8 25. Ba3 Qc7 26. b6 Qd7 27. Bc1 Kh8 28. Ba3 g5 29. fxg5 Bxe4+ 30. Rxe4 Rxe4 31. dxe4 Qg4 32. Rb1 Rxe4 33. Rf1 Qe2 34. Qc1 d3 35. Qd1 Qxd1 36. Rxd1 d2 37. Kg2 Re1 0-1


[Site "https://www.chess.com"]

[Event "Titled Tuesday Blitz May 30 Early 2023"]
[White "Zenin, Dmitry"]
[Black "Larina, Maria"]
[WhiteFideId "4127897"]
[BlackFideId "24113182"]
[WhiteElo "2215"]
[BlackElo "1848"]
[Result "1-0"]
[Round "09"]
[TimeControl "180+2"]
[Date "2023.05.30"]
[WhiteClock "0:00:14"]
[BlackClock "0:00:13"]

1. d4 f5 2. Nc3 Nf6 3. Bg5 d5 4. e3 e6 5. Bd3 Be7 6. Nf3 O-O 7. O-O c5 8. dxc5 Bxc5 9. Na4 Be7 10. c4 Nc6 11. a3 Ne4 12. Bxe7 Nxe7 13. cxd5 Qxd5 14. Qc2 Nf6 15. Nc3 Qa5 16. Rfd1 Bd7 17. Bc4 Rac8 18. Rxd7 Nxd7 19. Bxe6+ Kh8 20. Bxd7 Rc7 21. Rd1 f4 22. exf4 Ng6 23. g3 Qh5 24. Qe4 Rd8 25. Bg4 Rxd1+ 26. Nxd1 Qb5 27. Nc3 Qc5 28. Ne5 Nxe5 29. fxe5 Rf7 30. Bf3 h6 31. e6 Re7 32. Nd5 Re8 33. e7 Qc1+ 34. Kg2 Qc5 35. Bh5 Qc6 36. Bxe8 Qxe8 37. Nc7 Qd7 38. e8=Q+ 1-0


[Site "https://www.chess.com"]

[Event "Titled Tuesday Blitz May 30 Early 2023"]
[White "Llanos, Guillermo"]
[Black "Acikel, Mert"]
[WhiteFideId "100358"]
[BlackFideId "12956465"]
[WhiteElo "2225"]
[BlackElo "2097"]
[Result "1-0"]
[Round "09"]
[TimeControl "180+2"]
[Date "2023.05.30"]
[WhiteClock "0:00:20"]
[BlackClock "0:00:00"]

1. g3 d5 2. Bg2 Nf6 3. Nf3 e6 4. O-O Be7 5. c4 O-O 6. b3 d4 7. e3 c5 8. exd4 cxd4 9. d3 Nc6 10. Na3 e5 11. Re1 Bd6 12. Nc2 a5 13. Bg5 h6 14. Bxf6 Qxf6 15. Nd2 Bf5 16. Ne4 Bxe4 17. Bxe4 Qe7 18. Qf3 Qc7 19. h4 Rae8 20. h5 Ne7 21. g4 b6 22. a3 Qd7 23. b4 f5 24. gxf5 Nxf5 25. Qh3 Qf7 26. Bd5 Re6 27. Bxe6 Qxe6 28. Re4 Qf6 29. Rf1 Qg5+ 30. Qg4 Qd2 31. Qe2 Qg5+ 32. Kh1 Kh7 33. Rg1 Qf6 34. Rg6 Qf7 35. Reg4 Bc7 36. Qe4 Kh8 37. Rg2 Re8 38. Ne1 Bd8 39. R2g4 Bg5 40. Nf3 Bf4 41. Kg2 Ne7 42. Rxg7 Qf5 43. Qxf5 Nxf5 44. R7g6 Ng7 45. Rxb6 axb4 46. axb4 Nxh5 47. c5 1-0


[Site "https://www.chess.com"]

[Event "Titled Tuesday Blitz May 30 Early 2023"]
[White "Flis, Pawel"]
[Black "Ziatdinov, Raset"]
[WhiteFideId "1112864"]
[BlackFideId "2015323"]
[WhiteElo "1822"]
[BlackElo "2220"]
[Result "0-1"]
[Round "09"]
[TimeControl "180+2"]
[Date "2023.05.30"]
[WhiteClock "0:00:02"]
[BlackClock "0:01:02"]

1. e4 e6 2. d4 d5 3. Bd3 dxe4 4. Bxe4 c5 5. Ne2 Nf6 6. Bf3 cxd4 7. Qxd4 Bd6 8. Bf4 Qa5+ 9. Nbc3 Bxf4 10. Qxf4 O-O 11. O-O Nc6 12. Rad1 e5 13. Qg5 Be6 14. Ng3 h6 15. Qh4 Nd4 16. Be4 Nxe4 17. Ncxe4 f5 18. Nc3 Nxc2 19. Qe7 Rae8 20. Qxb7 Nd4 21. Nh5 Rf7 22. b4 Qa3 23. Nb1 Qxa2 24. Rxd4 Rxb7 25. Rd6 Bf7 26. Rfd1 Rxb4 27. Ng3 f4 28. Nf5 Rxb1 29. h4 Rxd1+ 30. Rxd1 Qc2 31. Rf1 Qxf5 32. g4 a5 33. gxf5 Ra8 34. Ra1 a4 35. Ra3 Bb3 36. f3 Rc8 37. Kf2 Rc2+ 38. Ke1 Ra2 39. Rxa2 Bxa2 40. Kd2 Bd5 41. Kc3 Bxf3 42. Kb4 Bc6 43. h5 f3 44. Kc3 f2 45. Kd2 f1=Q 46. Kc3 Qb5 47. Kd2 a3 48. Ke3 a2 49. Kf2 a1=Q 50. Kg3 Qd4 51. Kh2 Qb3 52. f6 Qd2+ 53. Kg1 Qb1# 0-1


[Site "https://www.chess.com"]

[Event "Titled Tuesday Blitz May 30 Early 2023"]
[White "Lorparizangeneh, Shahin"]
[Black "Cramling Bellon, Anna"]
[WhiteFideId "12521604"]
[BlackFideId "32009232"]
[WhiteElo "2526"]
[BlackElo "1976"]
[Result "1-0"]
[Round "09"]
[TimeControl "180+2"]
[Date "2023.05.30"]
[WhiteClock "0:01:41"]
[BlackClock "0:00:02"]

1. e4 c5 2. Nf3 e6 3. d4 cxd4 4. Nxd4 Nf6 5. Nc3 Nc6 6. Ndb5 d6 7. a4 a6 8. Na3 d5 9. exd5 exd5 10. Bd3 Bd6 11. O-O O-O 12. h3 Be6 13. Bg5 h6 14. Bh4 Ne5 15. Nab1 Nxd3 16. Qxd3 Be7 17. Nd2 Rc8 18. a5 Qd7 19. Nf3 Bf5 20. Qd2 Ne4 21. Nxe4 Bxe4 22. Bxe7 Qxe7 23. Nd4 Qf6 24. c3 Qg6 25. f3 Bd3 26. Rfe1 Rfe8 27. Re3 Rxe3 28. Qxe3 Bf5 29. Kh1 Bd7 30. Qe7 Bc6 31. Re1 Re8 32. Nxc6 Rxe7 33. Nxe7+ Kh7 34. Nxg6 Kxg6 35. Re7 1-0


[Site "https://www.chess.com"]

[Event "Titled Tuesday Blitz May 30 Early 2023"]
[White "Borodavkin, Anatoly"]
[Black "Piesik, Piotr"]
[WhiteFideId "14150662"]
[BlackFideId "1136194"]
[WhiteElo "1991"]
[BlackElo "2299"]
[Result "0-1"]
[Round "09"]
[TimeControl "180+2"]
[Date "2023.05.30"]
[WhiteClock "0:00:00"]
[BlackClock "0:01:17"]

1. e4 g6 2. d4 Bg7 3. f4 c6 4. Nf3 d5 5. e5 Nh6 6. Bd3 Bg4 7. O-O Nf5 8. Bxf5 gxf5 9. h3 Bxf3 10. Qxf3 h5 11. c3 h4 12. Be3 e6 13. Bf2 Bf8 14. Nd2 Be7 15. Qe2 Nd7 16. Nf3 Nf8 17. Kh2 Ng6 18. Qd2 Qb6 19. b3 c5 20. dxc5 Bxc5 21. Nd4 Rc8 22. b4 Bxd4 23. Bxd4 Qa6 24. a4 Qc4 25. a5 a6 26. Rac1 O-O 27. Rg1 Kg7 28. Rgf1 Qb5 29. Rf2 Rc4 30. Qe2 Rfc8 31. Rd1 Qa4 32. Rd2 Rxc3 33. Bxc3 Rxc3 34. Rb2 Rc4 35. Qd2 Qa3 36. Rf3 Qa1 37. Rc2 Rd4 38. Rc1 Rxd2 39. Rxa1 Rd4 40. Rc1 Rxb4 41. g3 hxg3+ 42. Kxg3 Ne7 43. Rg1 Rb2 44. h4 Nc6 45. Kh3+ Kh6 46. Rfg3 Ne7 47. Rg7 Ng6 48. Rxf7 Nxf4+ 49. Kg3 Ne2+ 50. Kf2 Nxg1+ 51. Kxg1 Rb5 52. Rf6+ Kh5 53. Rxe6 Rxa5 54. Rf6 Kxh4 55. Rxf5 Kg3 56. e6 Ra1+ 57. Rf1 Ra2 58. e7 Re2 0-1


[Site "https://www.chess.com"]

[Event "Titled Tuesday Blitz May 30 Early 2023"]
[White "Mayeregger, Arnold"]
[Black "Antonova, Nadezhda"]
[WhiteFideId "3705226"]
[BlackFideId "14700182"]
[WhiteElo "2038"]
[BlackElo "1799"]
[Result "1-0"]
[Round "09"]
[TimeControl "180+2"]
[Date "2023.05.30"]
[WhiteClock "0:02:33"]
[BlackClock "0:02:00"]

1. Nf3 Nf6 2. b3 g6 3. Bb2 Bg7 4. d4 d6 5. c4 c5 6. Nc3 cxd4 7. Nxd4 d5 8. Ndb5 Be6 9. cxd5 Nxd5 10. Nxd5 Bxb2 11. Ndc7+ Kf8 12. Qxd8+ Kg7 13. Qxe7 1-0


[Site "https://www.chess.com"]

[Event "Titled Tuesday Blitz May 30 Early 2023"]
[White "Sarkar, Justin"]
[Black "zano2023"]
[WhiteFideId "2010011"]
[WhiteElo "2168"]
[BlackElo "2155"]
[Result "0-1"]
[Round "09"]
[TimeControl "180+2"]
[Date "2023.05.30"]
[WhiteClock "0:00:00"]
[BlackClock "0:00:31"]

1. d4 e5 2. dxe5 d6 3. Nf3 Bg4 4. Bg5 Qd7 5. exd6 Bxd6 6. Nc3 Nc6 7. Ne4 Bb4+ 8. c3 Qe6 9. Qd3 Bf5 10. Nfd2 Be7 11. Bxe7 Ngxe7 12. Nc5 Qc8 13. Qg3 O-O 14. e4 Bg6 15. Bc4 Na5 16. Be2 b6 17. Nd3 f6 18. O-O Nac6 19. Nf4 Bf7 20. Bg4 Qe8 21. Ne6 Bxe6 22. Bxe6+ Kh8 23. Qxc7 Rd8 24. Rad1 Ng6 25. Bf5 Nce5 26. f4 Rf7 27. Qxd8 Qxd8 28. fxe5 Nxe5 29. Nc4 Qe8 30. Nxe5 fxe5 31. Rd5 g6 32. Rfd1 Kg7 33. Rd8 Qb5 34. Be6 Qc5+ 35. Kh1 Re7 36. Rg8+ Kh6 37. Bd5 Qf2 38. h3 Qe2 0-1


[Site "https://www.chess.com"]

[Event "Titled Tuesday Blitz May 30 Early 2023"]
[White "Kohler, Aran"]
[Black "Horokoskii"]
[WhiteFideId "1002856"]
[WhiteElo "2324"]
[BlackElo "2123"]
[Result "1-0"]
[Round "09"]
[TimeControl "180+2"]
[Date "2023.05.30"]
[WhiteClock "0:00:36"]
[BlackClock "0:00:04"]

1. d4 Nf6 2. c3 c5 3. dxc5 g6 4. Nd2 Bg7 5. e4 O-O 6. Bc4 a5 7. Rb1 Nc6 8. b4 Ne5 9. Be2 axb4 10. cxb4 Rxa2 11. Qb3 Ra8 12. f4 Nc6 13. e5 Ne8 14. Ngf3 b6 15. O-O bxc5 16. bxc5 Ba6 17. Bxa6 Rxa6 18. Nc4 Nc7 19. Be3 Nd5 20. Rfd1 Nxe3 21. Qxe3 d6 22. cxd6 exd6 23. Rxd6 Qc8 24. Nb6 Qc7 25. Nd5 Qa5 26. Rxc6 Rxc6 27. Ne7+ Kh8 28. Nxc6 Qa2 29. Re1 Rc8 30. Ncd4 Bf8 31. e6 fxe6 32. Qxe6 Qxe6 33. Nxe6 Bh6 34. h4 Rc4 35. g3 Rc3 36. Kf2 Kg8 37. Neg5 1-0


[Site "https://www.chess.com"]

[Event "Titled Tuesday Blitz May 30 Early 2023"]
[White "Dubreuil, Julien"]
[Black "Kriti Mayur Patel"]
[WhiteFideId "621285"]
[BlackFideId "35061780"]
[WhiteElo "2317"]
[BlackElo "1306"]
[Result "0-1"]
[Round "09"]
[TimeControl "180+2"]
[Date "2023.05.30"]
[WhiteClock "0:00:39"]
[BlackClock "0:00:56"]

1. e4 e5 2. Nf3 Nc6 3. d4 exd4 4. Nxd4 Bb4+ 5. c3 Bc5 6. Be3 Bb6 7. Nf5 Bxe3 8. Nxe3 Nf6 9. f3 O-O 10. c4 d6 11. Nc3 Be6 12. g4 Nd7 13. h4 Nde5 14. Be2 Qf6 15. Ncd5 Qd8 16. f4 Ng6 17. f5 Bxd5 18. cxd5 Nxh4 19. dxc6 Qg5 20. Kf2 Qf4+ 21. Ke1 Qxe3 22. Rxh4 Qg3+ 23. Kd2 Qxh4 24. cxb7 Rab8 25. Ba6 Qg5+ 26. Kd3 Rfe8 27. Qc1 Qxg4 28. Qe3 d5 29. e5 Qxf5+ 30. Kd4 c5+ 31. Kxc5 Rxe5 32. Qd4 Qc2+ 33. Qc3 Qxc3+ 34. bxc3 Re6 35. Bb5 Rxb7 36. Rd1 g6 37. Rxd5 Rc7+ 38. Kd4 Kg7 39. Bc4 Rec6 40. Bb3 Rxc3 41. Rd8 Rc1 0-1


[Site "https://www.chess.com"]

[Event "Titled Tuesday Blitz May 30 Early 2023"]
[White "Zaichenko, Daria"]
[Black "Blackwhite017"]
[WhiteFideId "4197453"]
[WhiteElo "2039"]
[BlackElo "2112"]
[Result "1-0"]
[Round "09"]
[TimeControl "180+2"]
[Date "2023.05.30"]
[WhiteClock "0:02:34"]
[BlackClock "0:02:39"]

1. e4 c5 2. Nf3 Nc6 3. d4 cxd4 4. Nxd4 g6 5. Nc3 Bg7 6. Be3 Nf6 7. Be2 O-O 8. O-O d5 9. exd5 Nxd5 10. Nxc6 bxc6 11. Nxd5 Qxd5 12. c3 Rd8 13. Bf3 Qb5 14. Qxd8+ 1-0


[Site "https://www.chess.com"]

[Event "Titled Tuesday Blitz May 30 Early 2023"]
[White "Atanasov, Radislav"]
[Black "Dominguez Rincon, Miller Duvan"]
[WhiteFideId "2901471"]
[BlackFideId "4406583"]
[WhiteElo "2077"]
[BlackElo "2013"]
[Result "1-0"]
[Round "09"]
[TimeControl "180+2"]
[Date "2023.05.30"]
[WhiteClock "0:01:02"]
[BlackClock "0:00:00"]

1. e4 e5 2. Nf3 Nc6 3. Bb5 a6 4. Ba4 Nf6 5. O-O Be7 6. Re1 b5 7. Bb3 O-O 8. a4 Rb8 9. axb5 axb5 10. c3 d6 11. h3 h6 12. d4 Re8 13. d5 Bb7 14. dxc6 Bxc6 15. Nbd2 b4 16. Qc2 Bf8 17. cxb4 Rxb4 18. Qxc6 Rb8 19. Qc4 Qe7 20. Ra7 Rec8 21. Nh4 Qd7 22. Ng6 d5 23. Nxf8 dxc4 24. Nxd7 Nxd7 25. Bxc4 Nb6 26. Ba6 1-0


[Site "https://www.chess.com"]

[Event "Titled Tuesday Blitz May 30 Early 2023"]
[White "Tarnowska, Aleksandra"]
[Black "Lohani, Sujana"]
[WhiteFideId "1180967"]
[BlackFideId "12311987"]
[WhiteElo "1776"]
[BlackElo "1718"]
[Result "1-0"]
[Round "09"]
[TimeControl "180+2"]
[Date "2023.05.30"]
[WhiteClock "0:00:05"]
[BlackClock "0:00:00"]

1. e4 g6 2. d4 Bg7 3. Nc3 d6 4. Be3 Nf6 5. Qd2 Ng4 6. h3 Nxe3 7. fxe3 O-O 8. Nf3 c5 9. Be2 Nc6 10. O-O-O Qa5 11. Kb1 a6 12. Nd5 Qxd2 13. Rxd2 e6 14. Nb6 Rb8 15. d5 Rd8 16. dxc6 bxc6 17. Na4 Rb4 18. b3 Rxe4 19. Rd3 c4 20. Rd2 cxb3 21. axb3 Rxe3 22. Bd3 e5 23. Re1 Rxe1+ 24. Nxe1 f5 25. Nb6 Bb7 26. Nc4 d5 27. Na5 Rb8 28. Nxb7 Rxb7 29. g3 e4 30. Bf1 a5 31. Ka2 Bc3 32. Re2 d4 33. Ng2 g5 34. h4 h6 35. hxg5 hxg5 36. Ne1 Ra7 37. Rh2 a4 38. Bc4+ Kg7 39. Rh5 Kg6 40. Rh8 axb3+ 41. Kxb3 Rb7+ 42. Ka2 Rb2+ 43. Ka3 Rb1 44. Ng2 Ra1+ 45. Kb3 Rb1+ 46. Ka3 Bb4+ 47. Ka4 c5 48. Rg8+ Kh5 49. Rh8+ Kg4 50. Rg8 Ra1+ 51. Kb5 Ra5+ 52. Kc6 Kxg3 53. Rxg5+ Kf3 54. Nh4+ Kf4 55. Rxf5+ Kg4 56. Re5 Kxh4 57. Rxe4+ 1-0


[Site "https://www.chess.com"]

[Event "Titled Tuesday Blitz May 30 Early 2023"]
[White "Brod, Manfred"]
[Black "Levitan, Caleb Levi"]
[WhiteFideId "1602110"]
[BlackFideId "14332620"]
[WhiteElo "2152"]
[BlackElo "1963"]
[Result "0-1"]
[Round "09"]
[TimeControl "180+2"]
[Date "2023.05.30"]
[WhiteClock "0:00:00"]
[BlackClock "0:00:12"]

1. e4 e5 2. Nf3 Nc6 3. Bc4 Bc5 4. c3 Nf6 5. d4 exd4 6. e5 d5 7. Bb5 Ne4 8. cxd4 Bb6 9. Nc3 Bf5 10. Be3 O-O 11. O-O h6 12. Bxc6 bxc6 13. a4 a5 14. Rc1 Qd7 15. Nd2 Nxc3 16. Rxc3 c5 17. Nb3 cxd4 18. Bxd4 Qxa4 19. Nc5 Qxd1 20. Rxd1 Rfb8 21. Na4 Bxd4 22. Rxd4 Rb4 23. Rxd5 Rxa4 24. f4 Rb8 25. Rxc7 Rxb2 26. h3 Rxg2+ 27. Kxg2 Be4+ 28. Kg3 Bxd5 29. Rc8+ Kh7 30. Rd8 Be6 31. f5 Bxf5 0-1


[Site "https://www.chess.com"]

[Event "Titled Tuesday Blitz May 30 Early 2023"]
[White "salgadoLO"]
[Black "Clawitter, Craig"]
[BlackFideId "2023105"]
[WhiteElo "2188"]
[BlackElo "2202"]
[Result "1/2-1/2"]
[Round "09"]
[TimeControl "180+2"]
[Date "2023.05.30"]
[WhiteClock "0:00:04"]
[BlackClock "0:00:17"]

1. d4 Nf6 2. Bg5 d5 3. e3 c6 4. Nd2 Nbd7 5. Ngf3 e6 6. Bd3 Be7 7. O-O O-O 8. Qe2 Re8 9. e4 Nxe4 10. Bxe7 Rxe7 11. Nxe4 dxe4 12. Qxe4 Nf6 13. Qh4 h6 14. Rfe1 c5 15. dxc5 Qc7 16. Qd4 Rd7 17. Qc3 Rd5 18. b4 b6 19. Bc4 Rh5 20. cxb6 axb6 21. Re5 Ba6 22. Rxh5 Nxh5 23. Qe5 Qxe5 24. Nxe5 Bxc4 25. Nxc4 b5 26. Na5 Nf4 27. g3 Ne2+ 28. Kf1 Nc3 29. a3 Rc8 30. Re1 Nd5 31. c4 bxc4 32. Rc1 c3 33. Ke2 c2 34. Kd2 Rc3 35. Rxc2 Rxa3 36. Nc6 Rb3 37. h4 Nxb4 38. Nxb4 Rxb4 39. Ke2 Rb3 40. Kf1 f6 41. Kg2 Kf7 42. Rc7+ Kg6 43. Re7 e5 44. Rc7 h5 45. Ra7 Rb2 46. Rc7 Rb3 47. Rd7 Ra3 48. Rc7 Kh6 49. Rd7 Ra4 50. Rc7 Rd4 51. Rb7 Kg6 52. Ra7 Rd8 53. Rb7 Rf8 54. Ra7 Rf7 55. Ra6 Kf5 56. Ra4 g5 57. hxg5 fxg5 58. Rb4 Rd7 59. Rb8 h4 60. gxh4 gxh4 61. Rh8 Kg4 62. Rg8+ Kf5 63. Rf8+ Ke6 64. Rh8 Rd4 65. Rh5 Kf6 66. Rh7 Kg6 67. Rh8 Kf5 68. Rg8 Ke4 69. Rg4+ Kd5 70. Rg8 e4 71. Kh3 Rd2 72. Rf8 Kd4 73. Kxh4 Kd3 74. Kg3 Rd1 75. Rd8+ Ke2 76. Rxd1 Kxd1 77. Kf4 Ke2 78. Kxe4 Kxf2 1/2-1/2


[Site "https://www.chess.com"]

[Event "Titled Tuesday Blitz May 30 Early 2023"]
[White "Osiecki, Stanislaw"]
[Black "Floresvillar Gonzalez, Luis Migu"]
[WhiteFideId "1102990"]
[BlackFideId "5100542"]
[WhiteElo "2088"]
[BlackElo "2040"]
[Result "1-0"]
[Round "09"]
[TimeControl "180+2"]
[Date "2023.05.30"]
[WhiteClock "0:00:07"]
[BlackClock "0:00:00"]

1. e4 c6 2. d4 d5 3. e5 Bf5 4. Bd3 Bxd3 5. Qxd3 e6 6. Ne2 c5 7. c3 Nc6 8. O-O Qb6 9. Rd1 cxd4 10. cxd4 Nge7 11. Nbc3 a6 12. a3 Nf5 13. Nxd5 exd5 14. Qxf5 Be7 15. e6 fxe6 16. Qxe6 Rd8 17. Bg5 Rd6 18. Qe3 Qc7 19. Bxe7 Nxe7 20. Nf4 Qd7 21. Re1 Kf7 22. Qf3 Rf6 23. g3 Rf8 24. Qh5+ Kg8 25. Rxe7 Qxe7 26. Nxd5 Qf7 27. Nxf6+ Qxf6 28. Qd5+ Kh8 29. Rf1 b5 30. Qe5 Qf3 31. Qe3 Qd5 32. Rc1 h6 33. Rc5 Qb7 34. d5 Rd8 35. Qe6 b4 36. d6 bxa3 37. bxa3 Qb1+ 38. Kg2 Qb7+ 39. Qd5 Qxd5+ 40. Rxd5 Kg8 41. d7 Kf7 42. Rd6 Ke7 43. Rxa6 Rxd7 44. h4 Rd2 45. Ra7+ Kf6 46. a4 Ra2 47. a5 h5 48. Kf3 Ra3+ 49. Ke4 Ra2 50. f3 Ra4+ 51. Ke3 Ra3+ 52. Ke4 Ra4+ 53. Kd5 Ra3 54. Ra8 Kg6 55. a6 Rxf3 56. a7 Ra3 57. Ke5 Ra5+ 58. Kd6 Ra3 59. Kc6 Ra1 60. Kd5 Ra5+ 61. Kc4 Ra1 62. Kb3 Ra6 63. Kb4 Ra1 64. Kb5 Rb1+ 65. Kc6 Rc1+ 66. Kb7 Rb1+ 67. Kc7 Rc1+ 68. Kd7 Ra1 69. Ke7 Re1+ 70. Kf8 Rf1+ 71. Kg8 Ra1 72. Rb8 Rxa7 73. Rb5 1-0


[Site "https://www.chess.com"]